 Dungeon Crawl Stone Soup version 0.21.1-1-g345015fe64 (webtiles) character file.

154 Mrkan the Covered (level 5, -1/33 HPs)
             Began as a Gargoyle Fighter on May 4, 2018.
             Was an Initiate of Ashenzari.
             Slain by a hound (4 damage)
             ... on level 4 of the Dungeon.
             The game lasted 00:08:29 (3401 turns).

Mrkan the Covered (Gargoyle Fighter)                Turns: 3401, Time: 00:08:30

Health: -1/33      AC: 11    Str: 26    XL:     5   Next: 36%
Magic:  5/5        EV:  7    Int:  8    God:    Ashenzari [......]
Gold:   78         SH: 10    Dex:  9    Spells: 4/4 levels left

rFire    . . .     SeeInvis .   a - +0 flail
rCold    . . .     Gourm    .   c - +0 shield
rNeg     + . .     Faith    .   b - +0 scale mail
rPois    ∞         Spirit   .   (no helmet)
rElec    +         Reflect  .   (no cloak)
rCorr    .         Harm     .   (no gloves)
MR       .....                  (no boots)
Stlth    ..........             (no amulet)
HPRegen  0.11/turn              (no ring)
MPRegen  0.09/turn              (no ring)

@: mighty
A: negative energy resistance 1, electricity resistance, unbreathing,
petrification resistance, rot immunity, AC +4
a: Curse Item, Renounce Religion


You were on level 4 of the Dungeon.
You worshipped Ashenzari.
Ashenzari was noncommittal.
You were hungry.

You visited 1 branch of the dungeon, and saw 4 of its levels.

You collected 78 gold pieces.

Inventory:

Hand Weapons
 a - a +0 flail (weapon)
Armour
 b - a +0 scale mail (worn)
 c - a +0 shield (worn)
Jewellery
 i - an uncursed ring of magical power
 m - an uncursed amulet of rage
Scrolls
 h - a scroll of magic mapping {unknown}
 j - 3 scrolls of amnesia {unknown}
 k - a scroll of identify {unknown}
 n - a scroll of remove curse
 o - a scroll of teleportation {unknown}
 r - 2 scrolls of enchant armour {unknown}
Potions
 d - a potion of might
 e - 3 potions of flight {unknown}
 g - 2 potions of berserk rage {unknown}
 l - a potion of heal wounds {unknown}
 q - a potion of agility {unknown}
Books
 p - a book of Minor Magic

   Spells                             Type                      Level
   a - Magic Dart                     Conjuration                  1
   b - Blink                          Translocation                2
   c - Call Imp                       Summoning                    2
   d - Slow                           Hexes                        2
   e - Conjure Flame                  Conjuration/Fire             3
   f - Mephitic Cloud                 Conjuration/Poison/Air       3
Comestibles
 f - 6 rations


   Skills:
 * Level 4.1 Fighting
 + Level 3.3 Maces & Flails
 * Level 4.2 Armour
 - Level 0.2 Dodging
 + Level 4.1 Shields


You had 4 spell levels left.
You didn't know any spells.

Dungeon Overview and Level Annotations

Branches:
Dungeon (4/15)
 Temple: D:4-7

Altars:
Ashenzari


Innate Abilities, Weirdness & Mutations

You are resistant to torment.
Your stone body is resilient. (AC +4)
You are immune to poison.
You resist negative energy. (rN+)
You are resistant to electric shocks. (rElec)
You can survive without breathing.
You are immune to petrification.
You are immune to rotting.


Message History

The adder completely misses you. The adder bites you but does no damage.
You block the hound's attack. The adder bites you but does no damage.
The hound bites you but does no damage.
You sock the hound!
The hound is heavily wounded.
The hound bites you but does no damage. The adder bites you but does no damage.
The hound bites you but does no damage.
You miss the hound.
The hound is heavily wounded.
You block the adder's attack. You block the hound's attack.
The adder bites you but does no damage. The hound bites you but does no damage.
Your scale mail prevents you from hitting the hound.
The hound is heavily wounded.
The adder barely misses you. The hound bites you but does no damage.
The adder barely misses you. The hound bites you but does no damage.
You barely miss the hound.
The hound is heavily wounded.
The hound bites you.
You die...

####### .....##
.....# .... #####.#
#.....## #......#
#....<.# #....h@#
#.....>...S........
#......####........
#.....! .........
....... .........
....... ..........
...#... ..........
...#... ...........


You could see a hound and an adder.

Vanquished Creatures
  The ghost of Fibo the Skirmisher, a weakling DsFi of Makhleb (D:3)
  4 adders
  A worm (D:2)
  4 dart slugs
  2 leopard geckos (D:2)
  An orc (D:3)
  5 bats
  4 giant cockroaches
  3 goblins
  6 hobgoblins
  10 jackals
  6 frilled lizards
  7 kobolds
  7 rats
61 creatures vanquished.

Notes
Turn   | Place    | Note
-------+----------+-------------------------------------------
     0 | D:1      | Mrkan the Gargoyle Fighter began the quest for the Orb.
     0 | D:1      | Reached XP level 1. HP: 14/14 MP: 1/1
   259 | D:1      | Reached XP level 2. HP: 17/19 MP: 2/2
   917 | D:2      | Reached XP level 3. HP: 23/23 MP: 3/3
  1712 | D:2      | Found a shattered altar of Ashenzari.
  1746 | D:2      | Became a worshipper of Ashenzari the Shackled
  1929 | D:2      | Reached XP level 4. HP: 29/29 MP: 4/4
  2539 | D:3      | Noticed Fibo's ghost (weakling DsFi)
  2561 | D:3      | Killed Fibo's ghost
  2912 | D:3      | Reached XP level 5. HP: 33/33 MP: 5/5
  3401 | D:4      | Slain by a hound

Skill      XL: |  1  2  3  4 |
---------------+-------------+-----
Fighting       | 4 |  4.1
Maces & Flails | 3 |  3.3
Shields        | 4 |  4.1
Armour         | 4 |  4.2
Dodging        | |  0.2

Action                   |  1- 3 |  4- 6 || total
-------------------------+-------+-------++-------
Melee: Flail             |   173 |   100 ||   273
  Use: Potion            |       |     2 ||     2
  Eat: Chunk             |     1 |     3 ||     4
       Ration            |     1 |       ||     1
Armor: Scale mail        |    95 |   116 ||   211
Dodge: Dodged            |    76 |    48 ||   124
Block: Shield            |    98 |    95 ||   193
